AoeStats
← papatheocari

Arabia

510399427Analyzed
1v1 RM · 13h ago on Sep 30, 2026· 40m 28s· 2 players
Game mode
Random Map
Map size
Tiny (2 player)
Population
200
Speed
Normal
Resources
Standard
Victory
Conquest
Starting age
Dark Age
Ending age
Imperial Age
RankedLock teamsTeams togetherTeam positionsShared explorationLock speedFull tech treeHidden civsTurbo modeCheats
Victory
Defeat
🇦🇺 Khmer · Australia
1099
+16
🇧🇪 Mongols · Belgium
1096
-16
papatheocari
3:35 Loom
10:24 Feudal Age
12:25 Wheelbarrow
15:43 Fletching
27:05 Castle Age
27:15 Pikeman
29:05 Horse Collar
29:32 Double-Bit Axe
29:40 Crossbowman
trashdog
4:33 Loom
8:11 Feudal Age
16:06 Horse Collar
19:00 Forging
22:07 Castle Age
23:21 Scale Barding Armor
27:01 Bloodlines
27:40 Husbandry
34:43 Light Cavalry
Connection lost

Rejoining the realm…

Still unreachable

The connection could not be restored.

Session expired

The server has moved on; the page needs a fresh start.